 Dungeon Crawl Stone Soup version 0.25.0-46-gbd7b0854d2 (webtiles) character file.

Game seed: 7876778235924877035

160267 Elvor the Warrior (level 17, 0/163 HPs)
             Began as a Minotaur Hunter on July 14, 2020.
             Was the Champion of Okawaru.
             Slain by an emperor scorpion (12 damage)
             ... on level 4 of the Spider Nest on July 15, 2020.
             The game lasted 06:26:18 (27912 turns).

Elvor the Warrior (Minotaur Hunter)                Turns: 27912, Time: 06:26:18

Health: 0/163      AC: 34    Str: 16 (17) XL:     17   Next: 17%
Magic:  2/23       EV: 20    Int:  6 (8)  God:    Okawaru [******]
Gold:   2528       SH: 27    Dex: 23 (24) Spells: 16/16 levels left

rFire    + + +     SeeInvis +   r - +2 broad axe (vorpal)
rCold    . . .     Gourm    .   S - +0 tower shield "Sairch" {rF++ Str-3 Dex+6}
rNeg     + + .     Faith    .   C - +8 chain mail of the Orb {Harm *Corrode rPois}
rPois    +         Spirit   .   E - +2 hat {MR+}
rElec    .         Reflect  +   q - +1 cloak of the Hippo {rF+ rN++ MR+ Dex+3}
rCorr    .         Harm     +   M - +2 pair of gloves {archery}
MR       ++++.                  D - +2 pair of boots
Stlth    +.........             o - amulet of reflection
HPRegen  0.77/turn              v - +4 ring of evasion
MPRegen  0.18/turn              t - ring of Linearity {rF++ MR+ SInv}

@: heroism
A: retaliatory headbutt, horns 2, regeneration 1
a: Heroism, Finesse, Renounce Religion


You were on level 4 of the Spider Nest.
You worshipped Okawaru.
Okawaru was exalted by your worship.
You were not hungry.

You visited 5 branches of the dungeon, and saw 28 of its levels.

You collected 4771 gold pieces.
You spent 2243 gold pieces at shops.

Inventory:

Hand Weapons
 a - a +2 hand crossbow
 r - a +2 vorpal broad axe (weapon)
 w - the +8 glaive of the Realm of Zot {vamp, Dex+2}
   (You found it on level 1 of the Spider Nest)

   It inflicts no extra harm, but heals its wielder when it wounds a living foe.
   It affects your dexterity (+2).
 A - a +2 demon whip of electrocution
 G - a +2 vampiric long sword
 L - a +2 mace of holy wrath
 Q - the +1 hand crossbow "Hellblazer" {freeze, Int+2}
   (You found it on level 3 of the Spider Nest)

   It causes projectiles fired from it to freeze those they strike, causing
   extra injury to most foes and up to half again as much damage against
   particularly susceptible opponents.
   They can also slow down cold-blooded creatures.
   It affects your intelligence (+2).
Missiles
 d - 389 bolts
 R - 4 datura-tipped darts (quivered)
Armour
 k - a +4 scale mail of cold resistance
 q - the +1 cloak of the Hippo (worn) {rF+ rN++ MR+ Dex+3}
   (Okawaru gifted it to you on level 14 of the Dungeon)

   It affects your dexterity (+3).
   It protects you from fire.
   It greatly protects you from negative energy.
   It affects your resistance to hostile enchantments.
 C - the +8 chain mail of the Orb (worn) {Harm *Corrode rPois}
   (You found it on level 14 of the Dungeon)

   It protects you from poison.
   It may corrode you when you take damage.
   It increases damage dealt and taken.
 D - a +2 pair of boots (worn)
 E - a +2 hat of magic resistance (worn)
 M - a +2 pair of gloves of archery (worn)
 S - the +0 tower shield "Sairch" (worn) {rF++ Str-3 Dex+6}
   (You found it on level 12 of the Dungeon)

   It affects your strength (-3).
   It affects your dexterity (+6).
   It greatly protects you from fire.
Jewellery
 o - an amulet of reflection (around neck)
 t - the ring of Linearity (right hand) {rF++ MR+ SInv}
   (You acquired it on level 12 of the Dungeon)

   [ring of protection from magic]

   It greatly protects you from fire.
   It affects your resistance to hostile enchantments.
   It lets you see invisible.
 v - a +4 ring of evasion (left hand)
 T - the ring of the Coward {MR+ MP+9 Int+3 Dex-5}
   (You found it on level 3 of the Spider Nest)

   [ring of magical power]

   It affects your intelligence (+3).
   It affects your dexterity (-5).
   It affects your resistance to hostile enchantments.
   It affects your magic capacity (+9).
Wands
 u - a wand of paralysis (11)
 y - a wand of iceblast (5)
 B - a wand of flame (72)
 I - a wand of polymorph (22)
 N - a wand of digging (23)
 O - a wand of enslavement (12)
Scrolls
 b - 5 scrolls of blinking
 e - 3 scrolls of fear
 g - 5 scrolls of fog
 h - a scroll of silence
 i - 18 scrolls of teleportation
 l - 3 scrolls of magic mapping
 m - 6 scrolls of immolation
 p - a scroll of summoning
 s - 23 scrolls of remove curse
 P - a scroll of enchant armour
 U - 3 scrolls of identify
Potions
 c - 3 potions of magic
 j - 13 potions of curing
 n - 3 potions of resistance
 x - a potion of brilliance
 z - a potion of cancellation
 H - 2 potions of heal wounds
 J - 4 potions of might
 K - 10 potions of lignification
 V - 4 potions of haste
 W - 2 potions of flight
 X - a potion of berserk rage
 Z - 5 potions of invisibility
Comestibles
 f - 41 rations
 F - a chunk of flesh


   Skills:
 * Level 17.7(22.7) Fighting
   Level 5.0(12.6) Short Blades
 + Level 9.7(15.3) Long Blades
 + Level 11.2(16.2) Axes
 + Level 12.5(17.5) Crossbows
 + Level 3.8(8.8) Throwing
 * Level 13.0(18.0) Armour
 + Level 9.0(14.0) Dodging
 - Level 2.0(7.0) Stealth
 * Level 15.2(20.2) Shields
 * Level 10.5 Invocations


You had 16 spell levels left.
You didn't know any spells.
Your spell library contained the following spells:

 Spells                   Type           Power        Failure   Level  Hunger
 Beastly Appendage        Tmut           #.....       99%         1    ##.....
 Freeze                   Ice            #...         99%         1    ##.....
 Sandblast                Erth           #.....       99%         1    ##.....
 Sting                    Tmut/Pois      #...         99%         1    ##.....
 Passwall                 Tmut/Erth      #.......     100%        2    ###....
 Poisonous Vapours        Pois/Air       #.....       100%        2    ###....
 Sticks to Snakes         Tmut           #.......     100%        2    ###....
 Frozen Ramparts          Ice            #.....       100%        3    ####...
 Ignite Poison            Fire/Tmut/Pois #.......     100%        3    ####...
 Mephitic Cloud           Conj/Pois/Air  #.......     100%        3    ####...
 Ozocubu's Armour         Chrm/Ice       #.......     100%        3    ####...
 Spider Form              Tmut/Pois      #.........   100%        3    ####...
 Stone Arrow              Conj/Erth      #.....       100%        3    ####...
 Hailstorm                Conj/Ice       #.......     100%        4    #####..
 Ice Form                 Ice/Tmut       #.......     100%        4    #####..
 Petrify                  Tmut/Erth      #.......     100%        4    #####..
 Summon Ice Beast         Ice/Summ       #.......     100%        4    #####..
 Blade Hands              Tmut           #.........   100%        5    ######.
 Lee's Rapid Deconstruct  Erth           #.........   100%        5    ######.
 Eringya's Noxious Bog    Tmut/Pois      #.........   100%        6    #######


Dungeon Overview and Level Annotations

Branches:
Dungeon (15/15)            Temple (1/1) D:5            Lair (6/6) D:9
 Shoals (0/4) Lair:2       Spider (4/4) Lair:3        Slime (0/5) Lair:5
    Orc (2/2) D:11            Elf (0/3) Orc:2        Vaults (0/5) D:14
 Depths (0/5) D:15

Altars:
Ashenzari
Cheibriados
Dithmenos
Elyvilon
Fedhas
Gozag
Hepliaklqana
Kikubaaqudgha
Makhleb
Nemelex Xobeh
Okawaru
Qazlal
Ru
Sif Muna
Trog
Uskayaw
Vehumet
Wu Jian
Xom
Yredelemnul
Zin
The Shining One
Beogh
Jiyva

Shops:
D:10 %   D:13 }   Orc:2 !***


Innate Abilities, Weirdness & Mutations

You reflexively headbutt those who attack you in melee.
You have a pair of horns on your head.
Your natural rate of healing is unusually fast.


Message History

You block the emperor scorpion's attack. x2
The spark wasp barely misses you. You furiously retaliate!
You headbutt the spark wasp.
You block the emperor scorpion's attack. x2
The emperor scorpion claws you.
You closely miss the emperor scorpion.
The emperor scorpion is heavily wounded.
You hit the spark wasp.
You hit the spark wasp but do no damage.
You barely miss the emperor scorpion. The spark wasp stings you!
The spark wasp shocks you!
* * * LOW HITPOINT WARNING * * *
You block the emperor scorpion's attack. x2
The emperor scorpion claws you but does no damage.
The hornet is caught in a web!
The spark wasp stings you.
* * * LOW HITPOINT WARNING * * *
The spark wasp shocks you!
* * * LOW HITPOINT WARNING * * *
The emperor scorpion stings you!
You die...

##### #### ###..†#
###≈≈#######....≈#####
#^..≈≈≈#...^≈..≈..≈≈≈###
#^.≈÷≈..^.##..##....≈.######
##.##....###y≈##.^#..†≈#≈≈≈###
###..^.## #s@.#####≈†.††≈≈≈≈.
#^..≈# ##sy# #....≈##≈.^
##≈.^## #yy# ##^≈†^.####
##††≈##


yy##y ###^..#### #...#####... .. ##.†.≈## #..^#^.##... ..^ #.†..≈#
###..≈≈≈.##### #### ####≈≈... ##≈.††≈≈≈.############ #..≈≈≈...
#...^##^.###...≈##≈≈.###^..###.^ You could see 2 emperor scorpions, a ghost moth
(invisible), 2 spark wasps, a moth of wrath and 2 hornets.

Vanquished Creatures
  Gastronok (Orc:1)
  3 orc warlords
  2 emperor scorpions
  2 ghost moths (Spider:4)
  5 entropy weavers
  2 spark wasps
  An ettin (D:14)
  Snorg (Lair:3)
  Josephine (Spider:1)
  2 ogre magi
  A yaktaur captain (D:15)
  4 vault guards (D:14)
  6 catoblepae
  10 hydras
  An anaconda (shapeshifter) (D:14)
  12 two-headed ogres
  6 centaur warriors
  Erica (Orc:1)
  8 death yaks (Lair:6)
  A queen ant (Spider:3)
  A dancing weapon (D:14)
  2 tengu warriors (D:14)
  5 orc high priests (Orc:2)
  Nergalle (Lair:4)
  A deep elf knight (D:14)
  3 unseen horrors
  2 wizards (D:14)
  6 orc knights
  Pikel (D:7)
  11 ugly things
  14 orb spiders
  2 deep elf magi
  4 lindwurms (D:11)
  15 wolf spiders
  8 orc sorcerers
  2 manticores (Lair:6)
  2 cyclopes (D:15)
  Maurice (Orc:1)
  3 black mambas
  6 elephants (Lair:6)
  4 centaur zombies
  A torpor snail (Spider:1)
  2 gargoyles
  6 spiny frogs
  The ghost of Name63 the Magician, a novice GnWz (D:5)
  Maggie (D:7)
  A yaktaur (D:15)
  4 kobold demonologists
  4 demonic crawlers
  5 komodo dragons
  A rime drake (Lair:4)
  A queen bee (D:8)
  6 trolls
  A tengu conjurer (D:14)
  6 slime creatures
  18 jumping spiders
  2 hornets
  13 hippogriffs
  16 blink frogs
  A snapping turtle (Lair:2)
  65 redbacks
  20 tarantellas
  3 water elementals (D:14)
  8 wraiths
  2 vampires
  3 wyverns
  A human (D:14)
  3 shadows
  64 yaks
  6 basilisks
  2 hungry ghosts
  5 wargs
  4 swamp worms (D:12)
  19 soldier ants
  An acid dragon (D:9)
  13 water moccasins
  41 orc warriors
  3 porcupines
  A hornet zombie (D:9)
  An eye of draining (shapeshifter) (D:13)
  An eye of draining (D:14)
  2 slaves (D:7)
  11 ice beasts
  2 necrophages
  A phantom (D:10)
  5 sky beasts
  20 ogres
  10 centaurs
  6 wolves
  The ghost of sinusoid the Cudgeler, an amateur GrFi (D:3)
  10 crocodiles
  2 big kobolds
  16 bullfrogs
  2 water moccasin zombies
  A wyvern skeleton (D:14)
  4 scorpions
  26 killer bees
  7 wights
  10 electric eels
  3 howler monkeys (D:13)
  A jelly (D:9)
  4 crimson imps
  2 quasits
  6 hounds
  A bullfrog skeleton (D:5)
  30 orc priests
  2 bullfrog zombies
  6 centaur skeletons
  23 orc wizards
  4 iguanas
  21 worker ants
  A killer bee zombie (D:9)
  A hound skeleton (D:9)
  A gnoll (D:1)
  A worker ant zombie (D:8)
  10 adders
  5 shadow imps
  An ooze (D:7)
  An adder zombie (D:5)
  4 dart slugs
  2 worms (D:3)
  5 leopard geckos
  106 orcs
  6 giant cockroaches
  11 goblins
  6 hobgoblins
  9 jackals
  9 quokkas
  4 ball pythons
  4 bats (D:1)
  7 frilled lizards
  37 kobolds
  A leopard gecko skeleton (D:4)
  2 quokka skeletons
  11 rats
  3 butterflies (D:14)
  A fungus (Lair:4)
  7 plants
1015 creatures vanquished.

Vanquished Creatures (others)
  Asterion (Spider:1)
  An orb spider (Spider:3)
  A jumping spider (Spider:3)
  A redback (Spider:3)
  A bullfrog (D:7)
  An orc priest (D:7)
  2 orc wizards
  2 orcs (D:7)
  3 fungi
  3 plants
16 creatures vanquished.

Grand Total: 1031 creatures vanquished

Notes
Turn   | Place    | Note
-------+----------+-------------------------------------------
     0 | D:1      | Elvor the Minotaur Hunter began the quest for the Orb.
     0 | D:1      | Reached XP level 1. HP: 18/18 MP: 0/0
   117 | D:1      | Reached skill level 5 in Crossbows
   117 | D:1      | Reached XP level 2. HP: 3/25 MP: 1/1
   486 | D:1      | Reached XP level 3. HP: 26/30 MP: 2/2
   718 | D:1      | Reached skill level 3 in Fighting
  1217 | D:2      | Reached skill level 1 in Armour
  1769 | D:3      | Reached XP level 4. HP: 38/38 MP: 3/3
  2015 | D:3      | Noticed an ice beast
  2049 | D:3      | Killed an ice beast
  2049 | D:3      | Reached skill level 4 in Fighting
  2049 | D:3      | Reached XP level 5. HP: 12/47 MP: 4/4
  2088 | D:3      | Reached skill level 1 in Short Blades
  2137 | D:3      | Found a runed translucent gate.
  2137 | D:3      | Found a runed translucent gate.
  2137 | D:3      | Found a runed translucent gate.
  2137 | D:3      | Noticed sinusoid's ghost (amateur GrFi)
  2142 | D:3      | Noticed a hippogriff
  2531 | D:4      | Reached XP level 6. HP: 53/53 MP: 5/5
  2628 | D:4      | Reached skill level 5 in Fighting
  3055 | D:5      | Entered Level 5 of the Dungeon
  3111 | D:5      | Reached XP level 7. HP: 59/61 MP: 6/6
  3307 | D:5      | Found a staircase to the Ecumenical Temple.
  3316 | Temple   | Entered the Ecumenical Temple
  3399 | Temple   | Became a worshipper of Warmaster Okawaru
  3694 | D:5      | Noticed Name63's ghost (novice GnWz)
  3707 | D:5      | Found a runed translucent gate.
  3707 | D:5      | Found a runed translucent gate.
  3707 | D:5      | Found a runed translucent gate.
  3761 | D:5      | Reached skill level 6 in Fighting
  3892 | D:3      | Killed sinusoid's ghost
  3892 | D:3      | Reached * piety under Okawaru
  3906 | D:3      | Killed a hippogriff
  3906 | D:3      | Reached skill level 1 in Stealth
  3906 | D:3      | Reached XP level 8. HP: 71/71 MP: 7/7
  4050 | D:5      | Killed Name63's ghost
  4050 | D:5      | Reached ** piety under Okawaru
  4050 | D:5      | Reached skill level 7 in Fighting
  4215 | D:6      | Reached skill level 10 in Crossbows
  4270 | D:6      | Reached skill level 8 in Fighting
  4519 | D:6      | Reached *** piety under Okawaru
  4519 | D:6      | Reached XP level 9. HP: 81/81 MP: 8/8
  4669 | D:6      | Found a stormy altar of Qazlal.
  4749 | D:7      | Noticed Pikel
  4765 | D:7      | Reached skill level 1 in Throwing
  4773 | D:7      | Killed Pikel
  4955 | D:7      | Reached skill level 9 in Fighting
  4969 | D:7      | Found a shimmering altar of Xom.
  5138 | D:7      | Noticed Maggie
  5167 | D:7      | Found an ornate altar of the Wu Jian Council.
  5169 | D:7      | Found the +6 lightning scales {run, rElec}
  5448 | D:8      | Noticed a queen bee
  5481 | D:8      | Killed a queen bee
  5502 | D:8      | Reached skill level 10 in Fighting
  5718 | D:8      | Reached **** piety under Okawaru
  5718 | D:8      | Reached XP level 10. HP: 73/94 MP: 9/9
  5724 | D:8      | Received a gift from Okawaru
  5820 | D:8      | Reached skill level 11 in Fighting
  5825 | D:8      | Reached skill level 1 in Long Blades
  6448 | D:9      | Found a staircase to the Lair.
  6482 | D:9      | Reached skill level 5 in Short Blades
  6524 | D:9      | Noticed a deep elf mage
  6547 | D:9      | Killed a deep elf mage
  6547 | D:9      | Reached skill level 5 in Dodging
  6547 | D:9      | Reached skill level 1 in Invocations
  6548 | D:9      | Noticed a soul eater
  6559 | D:9      | Reached ***** piety under Okawaru
  6559 | D:9      | Received a gift from Okawaru
  6668 | D:9      | Noticed a two-headed ogre
  6675 | D:9      | Killed a two-headed ogre
  6770 | D:9      | Reached skill level 5 in Long Blades
  6770 | D:9      | Reached skill level 5 in Armour
  6787 | D:9      | Reached XP level 11. HP: 52/104 MP: 11/11
  7235 | D:9      | Found a white marble altar of Elyvilon.
  7298 | D:9      | Killed an unseen horror
  7298 | D:9      | Reached skill level 12 in Fighting
  7411 | D:7      | Killed Maggie
  7508 | D:10     | Entered Level 10 of the Dungeon
  7655 | D:10     | Found Nauseaz's Food Shoppe.
  7874 | D:10     | Received a gift from Okawaru
  7984 | D:10     | Killed an unseen horror
  8367 | D:11     | Received a gift from Okawaru
  8484 | D:11     | Found a staircase to the Orcish Mines.
  8707 | D:11     | Noticed a red ugly thing
  8728 | D:11     | Killed a red ugly thing
  8728 | D:11     | Reached skill level 13 in Fighting
  9184 | D:11     | Noticed a lindwurm
  9184 | D:11     | Noticed a lindwurm
  9185 | D:11     | Noticed a lindwurm
  9196 | D:11     | Killed a lindwurm
  9199 | D:11     | Killed a lindwurm
  9204 | D:11     | Noticed a lindwurm
  9464 | D:11     | Killed a lindwurm
  9470 | D:11     | Killed a lindwurm
  9470 | D:11     | Reached XP level 12. HP: 115/115 MP: 12/14
  9532 | D:12     | Got an encrusted tower shield
  9538 | D:12     | Identified the cursed +0 tower shield "Sairch" {rF++ Str-3
                  | Dex+6} (You found it on level 12 of the Dungeon)
  9677 | D:12     | Noticed a two-headed ogre
  9677 | D:12     | Noticed a two-headed ogre
  9679 | D:12     | Noticed a two-headed ogre
  9685 | D:12     | Killed a two-headed ogre
  9688 | D:12     | Noticed a two-headed ogre
  9697 | D:12     | Killed a two-headed ogre
  9697 | D:12     | Reached skill level 1 in Shields
  9698 | D:12     | Noticed an ogre mage
  9702 | D:12     | Killed a two-headed ogre
  9702 | D:12     | Received a gift from Okawaru
  9703 | D:12     | Noticed a two-headed ogre
  9703 | D:12     | Noticed a two-headed ogre
  9703 | D:12     | Noticed a two-headed ogre
  9713 | D:12     | Killed an ogre mage
  9721 | D:12     | Killed a two-headed ogre
  9721 | D:12     | Reached skill level 5 in Invocations
  9730 | D:12     | Killed a two-headed ogre
  9735 | D:12     | Killed a two-headed ogre
  9735 | D:12     | Received a gift from Okawaru
  9743 | D:12     | Killed a two-headed ogre
  9743 | D:12     | Reached skill level 14 in Fighting
 10085 | D:12     | Reached ****** piety under Okawaru
 10708 | D:13     | Noticed a four-headed hydra
 10715 | D:13     | Killed a two-headed hydra
 10839 | D:13     | Received a gift from Okawaru
 11131 | D:13     | Found Etzun's Gadget Shoppe.
 11139 | D:13     | Bought a wand of digging (7) for 352 gold pieces
 11165 | D:13     | Noticed a catoblepas
 11196 | D:13     | Killed a catoblepas
 11196 | D:13     | Received a gift from Okawaru
 11321 | D:11     | Got a fine halberd
 11401 | D:12     | Identified the cursed +1 halberd of Ointment {flame, rF+
                  | Str+4 Stlth+} (You found it on level 11 of the Dungeon)
 11496 | Lair:1   | Entered Level 1 of the Lair of Beasts
 11496 | Lair:1   | Noticed an eight-headed hydra
 11504 | D:9      | Killed a five-headed hydra
 11504 | D:9      | Reached skill level 5 in Shields
 11504 | D:9      | Reached XP level 13. HP: 17/125 MP: 16/16
 11532 | D:9      | HP: 5/125 [two-headed ogre/+0 giant club (14)]
 12077 | Lair:1   | Reached skill level 1 in Axes
 12354 | Lair:1   | Received a gift from Okawaru
 12982 | Lair:2   | Found a staircase to the Shoals.
 13706 | Lair:3   | Noticed Snorg
 13709 | Lair:3   | Gained mutation: Your natural rate of healing is unusually
                  | fast. [mutagenic glow]
 13723 | Lair:3   | Killed Snorg
 13741 | Lair:3   | Found a hole to the Spider Nest.
 15082 | Lair:4   | Reached skill level 15 in Fighting
 15202 | Lair:4   | Noticed Nergalle
 15916 | Lair:4   | Killed Nergalle
 15996 | Lair:5   | Found a staircase to the Slime Pits.
 15996 | Lair:5   | Found a viscous altar of Jiyva.
 16199 | Lair:5   | Received a gift from Okawaru
 16733 | Lair:6   | Entered Level 6 of the Lair of Beasts
 16744 | Lair:6   | Received a gift from Okawaru
 16752 | Lair:6   | Got a scorched kite shield {god gift}
 16763 | Lair:6   | Identified the +0 kite shield of Typhaso {Harm *Drain SInv
                  | Stlth+} (Okawaru gifted it to you on level 6 of the Lair of
                  | Beasts)
 16816 | Lair:6   | Reached skill level 10 in Armour
 16844 | Lair:5   | Reached XP level 14. HP: 78/135 MP: 18/18
 17001 | Lair:6   | Identified 3 scrolls of acquirement
 17053 | Lair:6   | Reached skill level 5 in Axes
 17279 | Lair:6   | Received a gift from Okawaru
 17503 | Lair:6   | Received a gift from Okawaru
 17516 | Lair:6   | Got a pitted ring mail {god gift}
 17527 | Lair:6   | Identified the +0 ring mail "Zan Ziet" {Str+4 Int+3}
                  | (Okawaru gifted it to you on level 6 of the Lair of Beasts)
 17795 | Lair:6   | Reached skill level 10 in Shields
 17806 | Lair:6   | HP: 5/136 [death yak (18)]
 18487 | D:12     | Acquired a +2 vorpal broad axe
 18488 | D:12     | Acquired 2220 gold pieces
 18489 | D:12     | Acquired the ring of Linearity {rF++ MR+ SInv}
 18561 | Orc:1    | Entered Level 1 of the Orcish Mines
 18591 | Orc:1    | Noticed an orc warlord
 18628 | D:11     | Killed an orc warlord
 18763 | Orc:1    | Noticed an orc warlord
 18766 | Orc:1    | Noticed Erica
 18817 | D:11     | Killed an orc warlord
 18873 | Orc:1    | Killed Erica
 18873 | Orc:1    | Received a gift from Okawaru
 19093 | Orc:2    | Entered Level 2 of the Orcish Mines
 19376 | Orc:2    | Received a gift from Okawaru
 19724 | Orc:2    | Reached skill level 16 in Fighting
 19724 | Orc:2    | Reached XP level 15. HP: 144/144 MP: 20/20
 19956 | Orc:2    | Found a staircase to the Elven Halls.
 20147 | Orc:2    | Noticed an orc warlord
 20188 | Orc:2    | Killed an orc warlord
 20190 | Orc:2    | Found a roughly hewn altar of Beogh.
 20240 | Orc:2    | Found Cojygg's Assorted Antiques.
 20398 | Orc:2    | Found Neakk's General Store.
 20421 | Orc:2    | Bought a scroll of enchant armour for 105 gold pieces
 20698 | Orc:2    | Found a roughly hewn altar of Beogh.
 20807 | Orc:2    | Found Qodwon's Distillery.
 20823 | Orc:2    | Bought a potion of curing for 42 gold pieces
 20823 | Orc:2    | Bought a potion of invisibility for 112 gold pieces
 20823 | Orc:2    | Bought a potion of mutation for 112 gold pieces
 20823 | Orc:2    | Bought a potion of cancellation for 112 gold pieces
 20847 | Orc:2    | Found Tihuphou's Assorted Antiques.
 20867 | Orc:2    | Bought a potion of mutation for 256 gold pieces
 20867 | Orc:2    | Bought 2 potions of invisibility for 512 gold pieces
 20867 | Orc:2    | Bought 2 scrolls of identify for 128 gold pieces
 20867 | Orc:2    | Bought a potion of heal wounds for 160 gold pieces
 20867 | Orc:2    | Bought a potion of curing for 96 gold pieces
 20867 | Orc:2    | Bought a potion of invisibility for 256 gold pieces
 20923 | Orc:1    | Noticed Gastronok
 20923 | Orc:1    | Noticed Maurice
 21048 | Orc:1    | Killed Gastronok
 21059 | Orc:1    | Killed Maurice
 21702 | D:14     | Received a gift from Okawaru
 21746 | D:14     | Received a gift from Okawaru
 21842 | D:14     | Noticed a ghost moth
 21842 | D:14     | a satyr changed into a ghost moth
 21844 | D:14     | Noticed a storm dragon
 21844 | D:14     | a ghost moth changed into a storm dragon
 21848 | D:14     | a storm dragon changed into a purple draconian
 21862 | D:14     | Noticed a storm dragon
 21862 | D:14     | a purple draconian changed into a storm dragon
 21870 | D:14     | a storm dragon changed into a catoblepas
 21883 | D:14     | Noticed a storm dragon
 21883 | D:14     | a catoblepas changed into a storm dragon
 21885 | D:14     | a storm dragon changed into a queen ant
 21889 | D:14     | Noticed a storm dragon
 21889 | D:14     | a queen ant changed into a storm dragon
 21890 | D:14     | a storm dragon changed into a death yak
 21903 | D:14     | Noticed a ghost moth
 21903 | D:14     | a death yak changed into a ghost moth
 21904 | D:14     | a ghost moth changed into a great orb of eyes
 21983 | D:14     | Got a bloodstained mace
 21988 | D:14     | Identified the Papyrus of Venom
 21991 | D:14     | Identified the +2 mace of Bonuraec {freeze, Fragile +Fly
                  | rElec Dex+2} (You found it on level 14 of the Dungeon)
 22106 | D:14     | Received a gift from Okawaru
 22406 | D:14     | Received a gift from Okawaru
 22413 | D:14     | Got a masterwork cloak {god gift}
 22424 | D:14     | Identified the +1 cloak of the Hippo {rF+ rN++ MR+ Dex+3}
                  | (Okawaru gifted it to you on level 14 of the Dungeon)
 22477 | D:14     | Got a smoking chain mail
 22489 | D:14     | Identified the +8 chain mail of the Orb {Harm *Corrode
                  | rPois} (You found it on level 14 of the Dungeon)
 22862 | D:14     | Found a gate to the Vaults.
 22965 | D:15     | Entered Level 15 of the Dungeon
 23020 | D:14     | Reached XP level 16. HP: 104/152 MP: 22/22
 23301 | D:15     | Found a staircase to the Depths.
 23763 | D:14     | Got a masterwork fustibalus
 23844 | D:12     | Identified the +7 fustibalus "Fosuddeu" {speed, rF+ rC+
                  | Dex+2} (You found it on level 14 of the Dungeon)
 24271 | Spider:1 | Entered Level 1 of the Spider Nest
 24443 | Spider:1 | Reached skill level 17 in Fighting
 24552 | Spider:1 | Got a polished glaive
 24722 | Spider:1 | Noticed Josephine
 24733 | Spider:1 | Killed Josephine
 24733 | Spider:1 | Received a gift from Okawaru
 25180 | Spider:1 | Noticed Asterion
 25193 | Spider:1 | Killed Asterion
 25233 | Spider:1 | Reached skill level 10 in Axes
 25614 | Spider:2 | Received a gift from Okawaru
 25708 | Spider:2 | Identified the +8 glaive of the Realm of Zot {vamp, Dex+2}
                  | (You found it on level 1 of the Spider Nest)
 25904 | Spider:2 | Received a gift from Okawaru
 26123 | Spider:3 | Reached skill level 10 in Invocations
 26189 | Spider:3 | Received a gift from Okawaru
 26429 | Spider:3 | Got a jewelled hand crossbow
 26430 | Spider:3 | Identified the +1 hand crossbow "Hellblazer" {freeze,
                  | Int+2} (You found it on level 3 of the Spider Nest)
 27082 | Spider:3 | Got a fine pewter ring
 27089 | Spider:3 | Identified the ring of the Coward {MR+ MP+9 Int+3 Dex-5}
                  | (You found it on level 3 of the Spider Nest)
 27131 | Spider:4 | Entered Level 4 of the Spider Nest
 27587 | Spider:4 | Reached XP level 17. HP: 146/162 MP: 23/23
 27737 | Spider:4 | Reached skill level 15 in Shields
 27912 | Spider:4 | Slain by an emperor scorpion

Illustrated notes

Levels and vault maps discovered:
D:1:      minmay_arrival_shattered_statue, layout_loops_corners
D:2:      layout_loops_ring, first_ration
D:3:      layout_basic, gammafunk_ghost_split, dk_vineyard_2,
          minmay_joined_circles
D:4:      layout_loops_ring, minmay_box_of_dots
D:5:      layout_cave_pools, minmay_temple_entry_nine_rooms,
          gammafunk_ghost_split
D:6:      layout_cave_pools, nicolae_qazlal_eye_of_the_storm
D:7:      layout_loops_cross, lemuel_round_altar, basic_altar, uniq_maggie,
          uniq_pikel
D:8:      kennysheep_kobold_camp, layout_basic, david_nohive_1
D:9:      minmay_the_grid_3x3 [minmay_the_grid_tri_star,
          minmay_the_grid_dragon_b, minmay_the_grid_zigzag_pyramid,
          minmay_the_grid_diamond_grid, minmay_the_grid_mess,
          minmay_the_grid_expand, minmay_the_grid_holed_spiral,
          minmay_the_grid_tree, minmay_the_grid_prize_inner_circle],
          layout_loops_ring, elyvilon_altar_5
D:10:     layout_roguey, serial_shops, shop_statue
D:11:     layout_basic, orc_0_dummy, minmay_lindwurm_lava
D:12:     layout_roguey, worms_lemuel
D:13:     layout_basic, serial_shops, kennysheep_mini
D:14:     layout_loops_cross, grunt_vaults_entry_fortified, kennysheep_boxes,
          hangedman_glass_garden, minmay_checkered_concentric_circles
D:15:     grunt_enter_depths_snipers, layout_basic, hex_medium, st_stairs_5,
          minmay_circle_x
Temple:   compressed_dpeg_triangle_lava_temple
Lair:1:   layout_roguey
Lair:2:   layout_cave_pods, minmay_shoals_entry_hut, serial_bayou_pond_a,
          minivault_11, serial_bayou_shore_a
Lair:3:   layout_cave_pods, spider_nest_entry_webs, uniq_snorg
Lair:4:   layout_cave_pods, chequers_serial_rivers_micro_a, uniq_nergalle
Lair:5:   layout_cave_pods, slime_altar_1, eino_small_chamber_without_monster
Lair:6:   evilmike_catoblepas_cave, layout_regular_city
Spider:1: layout_chambers, uniq_josephine, uniq_asterion
Spider:2: layout_spider_delve
Spider:3: layout_spider_delve, zaba_antful_of_joy
Spider:4: spider_rune_water
Orc:1:    layout_diamond_mine, uniq_gastronok, uniq_erica, uniq_maurice
Orc:2:    pubby_orc_utopia

Skill      XL: |  1  2  3  4  5  6  7  8  9 10 11 12 13 14 15 16 17 |
---------------+----------------------------------------------------+-----
Crossbows      | 5 6 7 9 10 11 12 | 12.5
Fighting       | 3 4 5 6 8 10 11 13 14 15 16 17 | 17.7
Armour         | 1 2 3 5 7 8 10 11 12 13 | 13.0
Short Blades   | 1 2 4 5 |  5.0
Stealth        | 1 2 |  2.0
Dodging        | 3 4 5 6 7 8 9 |  9.0
Throwing       | 2 3 |  3.8
Long Blades    | 5 7 9 |  9.7
Invocations    | 2 4 5 7 8 9 10 | 10.5
Shields        | 5 8 10 12 14 15 | 15.2
Axes           | 4 7 9 10 11 | 11.2

Action                   |  1- 3 |  4- 6 |  7- 9 | 10-12 | 13-15 | 16-18 || total
-------------------------+-------+-------+-------+-------+-------+-------++-------
Melee: Dagger            |     4 |    43 |       |       |       |       ||    47
       Headbutt          |       |     7 |    18 |   138 |   356 |   123 ||   642
       Short sword       |       |    12 |   101 |    32 |       |       ||   145
       Falchion          |       |       |       |   408 |   271 |       ||   679
       War axe           |       |       |       |     7 |   300 |       ||   307
       Broad axe         |       |       |       |       |   531 |   398 ||   929
       Long sword        |       |       |       |       |     4 |    40 ||    44
 Fire: Hand crossbow     |    82 |    88 |   136 |   298 |   584 |   296 ||  1484
Throw: Dart              |       |       |    24 |    14 |     3 |     4 ||    45
       Boomerang         |       |       |       |       |    13 |       ||    13
Invok: Heroism           |       |       |     3 |     7 |     4 |     2 ||    16
       Finesse           |       |       |       |     4 |     3 |     1 ||     8
  Use: Scroll            |     6 |     7 |     3 |    12 |    10 |     6 ||    44
       Potion            |       |       |     2 |     3 |     6 |     1 ||    12
 Stab: Distracted        |       |       |       |     2 |       |       ||     2
       Sleeping          |       |       |       |     1 |     1 |       ||     2
       Petrified         |       |       |       |       |     2 |       ||     2
       Petrifying        |       |       |       |       |     1 |       ||     1
       Held in net/web   |       |       |       |       |       |     1 ||     1
  Eat: Chunk             |     2 |     5 |     4 |    12 |    17 |     1 ||    41
       Ration            |       |       |     1 |     3 |     7 |     4 ||    15
Armor: Leather armour    |     6 |    16 |    20 |    80 |   118 |       ||   240
       Robe              |       |       |     3 |    53 |       |       ||    56
       Ring mail         |       |       |       |       |   106 |       ||   106
       Chain mail        |       |       |       |       |    21 |   266 ||   287
Dodge: Dodged            |    12 |    32 |    71 |   240 |   512 |   334 ||  1201
Block: Other             |       |       |    29 |    57 |       |       ||    86
       Reflection        |       |       |     1 |    10 |    61 |     6 ||    78
       Tower shield      |       |       |       |   134 |  1337 |   867 ||  2338
       Rpst.: Falchion   |       |       |       |    39 |    25 |       ||    64
       Long sword        |       |       |       |       |       |     2 ||     2
